[Event "US Masters 2022"]
[Site "Charlotte"]
[Date "2022.11.28"]
[Round "9.8"]
[White "Theodorou, Nikolas"]
[Black "Caglar, Sila"]
[Result "1-0"]
[ECO "E01"]
[WhiteElo "2598"]
[BlackElo "2268"]
[Annotator "TA"]
[PlyCount "89"]
[EventDate "2022.11.23"]
[EventType "swiss"]
[EventCountry "USA"]
[SourceTitle "playchess.com"]
[Source "ChessBase"]
[SourceQuality "1"]
[TimeControl "5400+30"]

1. d4 d5 2. c4 e6 3. Nf3 Nf6 4. g3 Bb4+ 5. Bd2 Bd6 6. Bg2 {[%emt 0:00:07] E01: Catalan: Early deviations.} O-O 7. O-O c6 8. Nc3 {[%emt 0:01:18] The position is equal.} dxc4 9. e4 {[%emt 0:00:10] And now e5 would win.} Be7 10. a4 {[%emt 0:00:06] Inhibits b5.} c5 11. dxc5 Na6 {[%emt 0:01:45] [#]} 12. Ne5 $146 ({Predecessor:} 12. e5 Nd5 13. Ne4 Nxc5 14. Nxc5 Bxc5 15. Qe2 b6 16. Qxc4 Bb7 17. b4 Be7 18. Qg4 {½-½ (39) Schnepp,G (2349)-Buechmann,O (2143) Tegernsee 2017}) 12... Nxc5 ({Better is} 12... Qd4 $1 $11 13. Nf3 Qxc5) 13. Nxc4 Qd3 14. Ne5 $36 {[%emt 0:01:13][%mdl 2048] White is more active.} Qd4 15. Bf4 Qb4 16. Qe2 Rd8 17. a5 Bd7 18. Nxd7 Nfxd7 19. Ra3 {[%emt 0:02:53] Na2 is the strong threat.} Nf8 {[%emt 0:04:00] [#]} (19... a6 $14) 20. Na2 $1 $16 Qd4 21. Be3 Qd7 {[%emt 0:01:17] [#]} 22. e5 $1 Rac8 23. b4 Nd3 24. Rb1 {[%emt 0:00:06] Strongly threatening f4.} Nxe5 25. Bxa7 Bf6 (25... Nc4 $16 26. Rc3 Ra8) 26. Bc5 $18 Nfg6 27. Be4 (27. Nc3 $18) 27... Ne7 $16 28. Nc3 {[%emt 0:00:59] aiming for Rd1. White has more active pieces.} (28. Qh5 $6 Nf5 $11) 28... N5c6 29. Bb6 (29. Qh5 $6 g6 30. Qf3 Bxc3 31. Qxc3 Nd5 $14) 29... Re8 30. b5 (30. Qh5 g6 31. Qb5 Nb8 $16) 30... Nd4 31. Qd3 ({Inferior is} 31. Qh5 Qd6 32. Bxd4 (32. Qxh7+ Kf8 $11) 32... Bxd4 33. Qxh7+ Kf8 $11) 31... e5 32. Bxh7+ {[%emt 0:02:13] This pair of bishops is nice.} Kh8 33. Be4 g6 (33... Nef5 {was necessary.} 34. Bxf5 Qxf5 35. Qxf5 Nxf5) 34. Na4 {[%emt 0:01:49] White is clearly winning.} Kg7 35. Bxd4 exd4 36. Nb6 Qh3 37. Bg2 Qh6 38. Nxc8 Nxc8 39. a6 bxa6 40. bxa6 Re7 41. Rab3 Rc7 42. Qd1 {[%emt 0:00:00] Threatens to win with Rb7.} Qg5 43. Rb5 Rc5 44. Rxc5 Qxc5 45. Rc1 {[%emt 0:00:00] Weighted Error Value: White=0.27 (precise) /Black=0.34} 1-0

[Event "US Masters 2022"]
[Site "Charlotte"]
[Date "2022.11.28"]
[Round "9.9"]
[White "Chandra, Akshat"]
[Black "Burke, John M"]
[Result "1/2-1/2"]
[ECO "C88"]
[WhiteElo "2472"]
[BlackElo "2580"]
[Annotator "TA"]
[PlyCount "89"]
[EventDate "2022.11.23"]
[EventType "swiss"]
[EventCountry "USA"]
[SourceTitle "playchess.com"]
[Source "ChessBase"]
[SourceQuality "1"]
[TimeControl "5400+30"]

1. e4 e5 2. Nf3 Nc6 3. Bb5 a6 4. Ba4 Nf6 5. O-O Be7 6. Re1 b5 7. Bb3 O-O 8. a4 b4 9. a5 d6 10. d3 Be6 11. Bxe6 {[%emt 0:00:07] C88: Closed Ruy Lopez: Anti-Marshall Systems.} fxe6 12. Nbd2 Qe8 13. c3 {[%emt 0:00:28] The position is equal.} Qg6 {[%emt 0:01:26] [#]} 14. Qa4 $146 ({Predecessor:} 14. d4 bxc3 15. bxc3 Rfb8 16. Qa4 Qe8 17. Qa2 Bf8 18. dxe5 dxe5 19. h3 h6 20. Qc2 {½-½ (45) Piacun,E (2418)-Stoeckert,M (2454) ICCF email 2019}) 14... Na7 15. Nf1 ({Of course not} 15. cxb4 Nh5 16. g3 Nb5 $17) 15... Ng4 16. Qd1 (16. Qxb4 Nb5 $14) (16. Re2 $11) 16... bxc3 (16... Nb5 $5 ) 17. bxc3 Nb5 18. Bd2 d5 (18... Rxf3 $5 19. Qxf3 Bh4 $11) 19. Ne3 dxe4 (19... Nxe3 {simplifies} 20. Rxe3 Bd6 21. exd5 exd5 22. Nxe5 Bxe5 23. Rxe5 Rxf2 24. Kxf2 Qf6+) 20. dxe4 Nxe3 (20... Rad8 $5 21. Nxg4 Qxg4 22. Nxe5 Qxd1 23. Rexd1 (23. Raxd1 Bc5 $11) 23... Bf6 $11) 21. Rxe3 Rad8 {[%emt 0:09:21] [#] White must now prevent ...Bc5.} 22. Qe2 Bc5 (22... Bg5 {simplifies} 23. Nxg5 Qxg5 24. Be1 Qe7) 23. Rd3 ({Don't play} 23. Nxe5 Qg5 24. Nc6 Rd6 $15) 23... Nd6 24. Be3 Nxe4 (24... Qxe4 $14 {is superior.} 25. Ng5 Qc4) 25. Rxd8 (25. Nxe5 {keeps more tension.} Qf6 26. Nd7 Rxd7 27. Rxd7 Nxc3 28. Qe1) 25... Rxd8 26. Bxc5 Nxc5 27. Qxe5 $40 {[%emt 0:00:06][%mdl 128] Black needs to defend precisely.} Nd3 ({Black should play} 27... Qd3 $14) 28. Qxc7 $16 Rf8 29. Ne5 Qf5 30. Nxd3 Qxd3 {[%emt 0:00:03][%mdl 4096] Endgame KQR-KQR} 31. Qc6 Qe2 {[%emt 0:00:25] [#]} 32. Rf1 {[%emt 0:00:17] aiming for c4.} Rf4 {[%emt 0:01:29] Prevents c4.} 33. g3 {[%emt 0:03:31] Inhibits h6.} Qc4 34. Qb6 (34. Qd6 {looks sharper.} Rf3 35. Qb8+ Rf8 36. Qb4) 34... Rf5 35. Re1 {[%emt 0:00:31] Inhibits Qe2.} h6 36. Qxe6+ (36. h4 $16) 36... Qxe6 $14 {[%emt 0:00:04] White is slightly better.} 37. Rxe6 Rxa5 $16 {[%emt 0:00:03] KR-KR} 38. Kf1 Ra2 39. Re2 Ra1+ 40. Re1 Ra2 41. Re6 Rc2 42. Rxa6 {[%emt 0:00:22] Threatens to win with Rc6.} Rxc3 43. Kg2 Kf7 44. g4 Rc5 45. Kg3 {[%emt 0:01:00] Weighted Error Value: White=0.10 (very precise) /Black=0.10 (very precise)} 1/2-1/2

[Event "US Masters 2022"]
[Site "Charlotte"]
[Date "2022.11.28"]
[Round "9.10"]
[White "Neef, Maximilian"]
[Black "Gazik, Viktor"]
[Result "0-1"]
[ECO "A40"]
[WhiteElo "2481"]
[BlackElo "2564"]
[Annotator "TA"]
[PlyCount "86"]
[EventDate "2022.11.23"]
[EventType "swiss"]
[EventCountry "USA"]
[SourceTitle "playchess.com"]
[Source "ChessBase"]
[SourceQuality "1"]
[TimeControl "5400+30"]

1. Nf3 g6 2. d4 Bg7 3. g3 c5 4. c3 Qa5 5. d5 Nf6 6. Bg2 {[%emt 0:01:04] A40: Unusual replies to 1 d4.} d6 7. O-O O-O 8. Re1 {[%emt 0:05:51] White has an edge.} b5 9. e4 Bb7 {[%emt 0:04:32] [#]} 10. a4 $146 ({Predecessor:} 10. Nbd2 c4 11. a4 a6 12. Ra3 Qb6 13. b4 cxb3 14. Qxb3 Nbd7 15. axb5 axb5 16. Nd4 {½-½ (26) Havanecz,B (2199)-Juhasz,B (2190) Hungary 2017}) 10... Nbd7 11. Bd2 bxa4 (11... b4 $11) 12. c4 $16 Qc7 13. Qxa4 (13. Rxa4 $6 Nb6 $11) 13... Nb6 14. Qc2 Bc8 15. Nc3 Bd7 (15... Nxc4 $2 16. Nb5 Qb7 17. Qxc4 $18) 16. b3 (16. Nd1 {simplifies} e6 17. Bc3 exd5 18. cxd5 a5 19. Nd2) 16... Rae8 17. e5 (17. Ra6 $16) 17... Ng4 $14 18. e6 (18. Ra6 {simplifies} Nxe5 19. Nxe5 Bxe5 20. Bh6) 18... fxe6 19. h3 Nf6 20. dxe6 Bc6 21. Nh4 (21. Ng5 $16) 21... d5 $2 {[%emt 0:00:01] [#]} (21... Bxg2 $11 22. Nxg2 Qb7) 22. Nxg6 $1 hxg6 23. Qxg6 Rd8 {[%emt 0:00:54] [#]} 24. Bf4 $1 (24. Bh6 Ne8 $14) 24... Qb7 25. cxd5 (25. Bh6 $6 Ne8 26. cxd5 Nxd5 $16) (25. Nxd5 $18 {Threatening mate with Bh6.} Nbxd5 26. cxd5) 25... Nbxd5 $2 (25... Be8 $16 26. d6 (26. Qg5 Nbxd5 27. Nxd5 Rxd5 $16) 26... Bxg6 27. Bxb7 Nh5 28. dxe7 Nxf4 29. exd8=N (29. exf8=Q+ Rxf8 30. gxf4 Bxc3 $14) 29... Rxd8) 26. Bh6 $2 (26. Nxd5 $18 {[%cal Of4h6] Intending Bh6! and mate.} Bxd5 {[#]} 27. Re5 $1 (27. Bh6 Ne8 $11)) 26... Ne8 {[%emt 0:00:01] [#]} 27. Be4 $1 Ndf6 {[%emt 0:00:09] Prevents Qh7+.} 28. Bxc6 {[%emt 0:00:56][%mdl 64] Deflection} Qxc6 29. Rxa7 Qd6 (29... Qf3 $18 30. Rxe7 (30. Bxg7 Nxg7 31. Rxe7 Nfe8 $16) 30... Nh5) 30. Rd1 ({White should try} 30. Re3 $14 c4 31. bxc4) 30... Qxe6 $1 $11 31. Rxd8 {[%emt 0:00:07] Black must now prevent Bxg7.} Qe1+ 32. Kg2 {[%emt 0:00:06] Hoping for Bxg7.} Ng4 $1 $40 {[%emt 0:00:01][%csl Ge1,Gg4][%cal Rf8f2][%mdl 128] Black mounts an attack.} 33. Qxg7+ $4 Nxg7 $19 {[%emt 0:00:02] The board is on fire.} 34. Rxf8+ Kxf8 35. hxg4 Qxc3 36. Rc7 (36. Bxg7+ $142 Qxg7 37. Ra4) 36... Qe5 37. Rc8+ Kf7 38. Be3 Ne6 39. Kh2 Nd4 40. b4 cxb4 41. Rc4 Nf3+ 42. Kg2 {[%emt 0:00:07] [#]} b3 $1 43. Rf4+ {[%emt 0:01:17] [#]} Qxf4 $3 {[%emt 0:00:22][%mdl 512] Weighted Error Value: White=0.83/Black=0.20 (precise)} 0-1

[Event "US Masters 2022"]
[Site "Charlotte"]
[Date "2022.11.28"]
[Round "9.12"]
[White "Brodsky, David"]
[Black "Bora, Safal"]
[Result "0-1"]
[ECO "C07"]
[WhiteElo "2509"]
[BlackElo "2446"]
[Annotator "TA"]
[PlyCount "108"]
[EventDate "2022.11.23"]
[EventType "swiss"]
[EventCountry "USA"]
[SourceTitle "playchess.com"]
[Source "ChessBase"]
[SourceQuality "1"]
[TimeControl "5400+30"]

1. e4 e6 2. d4 d5 3. Nd2 c5 4. Ngf3 cxd4 5. exd5 Qxd5 6. Bc4 Qd6 7. O-O Nf6 8. Nb3 Nc6 9. Nbxd4 Nxd4 10. Nxd4 Be7 11. b3 {[%emt 0:01:09] C07: French Tarrasch: 3...c5, 4 Ngf3 and 4 exd5 Qxd5.} O-O 12. Bb2 Qf4 13. Qe2 {[%emt 0:02:06] The position is equal.} b6 (13... Bc5 $5 14. Rad1 b6 $11) 14. Rad1 Bc5 15. a3 a5 {[%emt 0:00:56] [#] Against b4} 16. Nb5 $146 (16. b4 $5 axb4 17. axb4 Bxb4 {[#]} 18. Nxe6 $1 Bxe6 19. Bxe6 $11) ({Predecessor:} 16. b4 axb4 17. axb4 Bxb4 18. Nxe6 Bxe6 19. Bxe6 Rae8 20. Qc4 Qxc4 21. Bxc4 Ne4 22. Bd3 {½-½ (28) Krebs,J (2347)-Toedter,H (2167) ICCF email 2018}) 16... Bb7 ({Don't play} 16... Ng4 17. g3 Qf5 18. Nd6 $16) 17. Rd3 Rfd8 18. Be5 Qe4 {[%emt 0:04:26] Chess con chili.} (18... Qf5 {keeps more tension.} 19. Nd6 Bxd6 20. Rxd6 Rxd6 21. Bxd6 b5) 19. Qxe4 Bxe4 $40 {[%emt 0:06:05][%mdl 128] Black attacks.} (19... Nxe4 {looks sharper.} 20. Nc7 Rac8 21. Nxe6 Bxf2+ 22. Rxf2 Rxd3 23. cxd3 Nxf2 24. Kxf2 b5) 20. Rxd8+ Rxd8 21. c3 $1 Rd2 22. h3 (22. b4 {feels hotter.} Ng4 23. Bg3 Ne3 24. bxc5 Nxc4 25. f3) 22... Rc2 23. b4 axb4 24. axb4 Bxb4 25. Rd1 {[%emt 0:01:43] [#] Strongly threatening Rd8+.} Be7 {[%emt 0:01:10] Prevents Rd8+.} 26. Nd6 Bd5 27. Ra1 (27. Bxf6 $15 Bxf6 28. Bxd5 exd5 29. Nb5) 27... Bxd6 $17 28. Bxd6 {[%emt 0:00:12] Threatens to win with Bxd5.} h6 (28... Bxc4 $2 {is a self mate.} 29. Ra8+) 29. Bb5 Rxc3 {[%emt 0:00:17] Black is more active.} 30. Rb1 Be4 31. Rb4 (31. Rb2 $17 {keeps fighting.}) 31... Bd3 $19 32. Ba4 Rc1+ 33. Kh2 Rc4 34. Rxc4 Bxc4 $17 {[%emt 0:00:02][%mdl 4096] Endgame KBB-KBN} 35. Bc2 (35. Bc6 $17 {was worth a try.}) 35... b5 $19 36. Kg3 Nd5 37. Be4 Nc3 38. Bc2 Ne2+ 39. Kh2 Nd4 40. Be4 f6 41. f4 (41. Bg6 $142) 41... Kf7 42. g4 f5 43. Bb7 (43. Be5 $17 {might work better.}) 43... Bd5 44. Bc8 fxg4 45. hxg4 Nc2 46. Ba6 b4 47. Bd3 $2 (47. Kg3) 47... b3 {[%emt 0:00:03] Hoping for ...Ne1. Black is clearly winning.} 48. Kg3 Ne1 49. Bb1 Bc4 {[%emt 0:00:16] White must now prevent ...Bd3.} 50. Bb4 Bd3 51. Bxe1 Bxb1 52. Bc3 g6 53. Kh4 Bc2 54. Bb2 Bd1 {[%emt 0:00:05] Weighted Error Value: White=0.52/Black=0.05 (flawless)} 0-1

[Event "US Masters 2022"]
[Site "Charlotte"]
[Date "2022.11.28"]
[Round "9.13"]
[White "Rahul Srivatshav P"]
[Black "Fus, Jakub"]
[Result "1/2-1/2"]
[ECO "E20"]
[WhiteElo "2498"]
[BlackElo "2427"]
[Annotator "TA"]
[PlyCount "88"]
[EventDate "2022.11.23"]
[EventType "swiss"]
[EventCountry "USA"]
[SourceTitle "playchess.com"]
[Source "ChessBase"]
[SourceQuality "1"]
[TimeControl "5400+30"]

1. d4 e6 2. c4 Nf6 3. Nc3 Bb4 4. f3 d5 5. a3 Bxc3+ 6. bxc3 c6 7. e3 {[%emt 0:06:36] The old main line.} O-O {[%emt 0:00:36] E20: Nimzo-Indian: 4 g3 and 4 f3.} 8. Bd3 b6 {[%emt 0:00:29] [#]} 9. a4 $146 ({Predecessor:} 9. Ne2 Ba6 10. cxd5 Bxd3 11. Qxd3 cxd5 12. e4 Qc8 13. Bg5 Nfd7 14. O-O Qa6 15. Qe3 Nc6 {0-1 (57) Sarana,A (2675)-Kamsky,G (2661) Chess.com INT 2022}) 9... Ba6 10. cxd5 Bxd3 ({Don't take} 10... Nxd5 11. e4 $14) 11. Qxd3 cxd5 12. a5 Nc6 13. axb6 Qxb6 14. Qa6 Nd7 15. Ne2 Qc7 16. O-O Nb6 17. e4 Rfe8 18. Nf4 Rad8 19. exd5 exd5 20. Nd3 Qd6 21. Bf4 Qd7 22. Nc5 Qc8 23. Nb7 Rd7 24. Nd6 Qxa6 25. Rxa6 Re2 26. Rb1 h6 27. Nb5 Rc2 28. Bd6 Nd8 29. Rxa7 Ne6 30. Rxd7 $1 Nxd7 31. Kf1 h5 (31... g5 $11 {remains equal.}) 32. Re1 (32. h4 $16) 32... Nb6 $11 {[%emt 0:00:52] The position is equal.} 33. Re2 Rc1+ 34. Kf2 Nc4 35. Re1 Rc2+ 36. Re2 $1 Rc1 37. Kg3 Nxd6 38. Nxd6 Rxc3 {[%emt 0:00:06][%mdl 4096] Endgame KRN-KRN} 39. Ra2 Rc7 40. Ra8+ Kh7 41. Ra5 Rd7 42. Nf5 g6 43. Ne3 Nxd4 44. Nxd5 {[%emt 0:00:07] [#] Strongly threatening Nf6+.} Kg7 {[%emt 0:00:37] Prevents Nf6.   Weighted Error Value: White=0.09 (flawless) /Black=0.08 (flawless)} 1/2-1/2

[Event "US Masters 2022"]
[Site "Charlotte"]
[Date "2022.11.28"]
[Round "9.14"]
[White "Grinberg, Eyal"]
[Black "Ippolito, Dean"]
[Result "1-0"]
[ECO "C00"]
[WhiteElo "2491"]
[BlackElo "2368"]
[Annotator "TA"]
[PlyCount "141"]
[EventDate "2022.11.23"]
[EventType "swiss"]
[EventCountry "USA"]
[SourceTitle "playchess.com"]
[Source "ChessBase"]
[SourceQuality "1"]
[TimeControl "5400+30"]

1. e4 e5 2. Nf3 Nc6 3. Bb5 Nf6 4. d3 Bc5 5. c3 d5 6. Nbd2 O-O 7. O-O dxe4 8. dxe4 Qe7 9. Qc2 {[%emt 0:02:54] C00: French: Unusual White 2nd moves.} a5 10. a4 Nb8 11. Be2 {[%emt 0:00:55] The position is equal.} Nbd7 {[%emt 0:06:38] 11...Bg4 is a critical line.} 12. Nc4 Re8 13. Bg5 b6 {[%emt 0:00:07] [#]} 14. Ne3 $146 ({Predecessor:} 14. Ncd2 h6 15. Bh4 Bb7 16. Bc4 Nf8 17. Bg3 Ng6 18. Rfe1 Bc6 19. Nh4 Nxh4 20. Bxh4 Rad8 21. Nf3 {0-1 (36) Nguyen,M (1491)-Vu,Q (2034) Ho Chi Minh City 2017}) 14... Bb7 {[%emt 0:02:14] Prevents Nd5.} 15. Nf5 Qe6 16. Nd2 Kh8 {[%emt 0:15:35][%cal Of6e4] [#] ...Nxe4! is the strong threat.} 17. Ne3 (17. Rad1 {looks sharper.} h6 18. Bh4 Bxe4 19. Nxe4 Qxf5 20. Bb5) 17... h6 18. Bc4 Qe7 19. Nf5 Qf8 20. Bh4 g6 21. Ne3 c6 22. Rae1 Ba6 23. Bxa6 Rxa6 24. Kh1 Raa8 25. Qb3 Nh5 ({Better is} 25... Kg7 $11) 26. Ndc4 $14 Re6 27. Ng4 Kh7 28. Qd1 Qe8 29. Qd2 Bf8 (29... g5 $11 30. Bg3 (30. Bxg5 hxg5 31. Rd1 Ra7 $15) 30... Nf4) 30. Rd1 $16 {[%emt 0:00:25] White has more active pieces.} Nc5 31. Qc2 (31. Nxb6 $16 Rb8 32. Nd7 Nxd7 33. Qxd7) 31... b5 $14 32. axb5 cxb5 33. Nce3 (33. Nxa5 {is interesting.} g5 34. Bg3 Rxa5 35. b4) 33... Qc6 34. Nd5 Bg7 35. f3 a4 36. Bf2 Nb3 37. Be3 Rd6 38. Nb4 Qc4 39. Kg1 (39. Rxd6 $14 Qxf1+ 40. Bg1) 39... Rad8 40. Nd5 {[%emt 0:02:52] Against Nf4} (40. Rxd6 $11 Rxd6 41. Rb1) 40... Nd4 41. Qb1 (41. cxd4 $2 {is the wrong capture.} Qxc2 42. dxe5 {[#]} Rxd5 $1 43. exd5 Qxb2 $19) (41. Qf2 $1 $11 Ne2+ 42. Kh1) 41... Ne2+ $15 42. Kh1 Nef4 (42... f5 {feels hotter.} 43. Nf2 a3 44. bxa3 fxe4 45. fxe4 Nhf4) 43. Bxf4 Nxf4 44. Nge3 $36 {[%emt 0:00:22][%mdl 2048] White is pushing. Pair of Knights!} Qc5 45. g3 Nxd5 46. Nxd5 Qc4 47. Kg2 h5 48. Qd3 Qb3 49. Qe2 Kh8 50. Ra1 Rxd5 (50... Bf8 $11 {remains equal.}) 51. exd5 $16 Qxd5 $2 {[%emt 0:00:29][%mdl 8192] A mistake that costs the game.} (51... Kh7 $16 52. Rfd1 Bf8) 52. Rad1 $18 Qa8 53. Rxd8+ ({Not} 53. Qxb5 Rb8 54. Qe2 Bf6 $18) 53... Qxd8 54. Qxb5 {[%emt 0:00:08][%mdl 4096] Endgame KQR-KQB} a3 (54... h4 $142 55. gxh4 Qd2+ 56. Kh1 Qf4) 55. bxa3 Qd2+ 56. Rf2 Qxc3 57. Qe8+ Kh7 58. Qxf7 Qxa3 59. Ra2 Qd3 (59... Qc1 $18 60. Ra7 Qc2+ 61. Kh3 Qf5+ 62. Qxf5 gxf5) 60. Ra7 Qc2+ 61. Kh3 Qc8+ 62. Rd7 Qh8 63. Kg2 (63. Kh4 $142 Qg8 64. Kg5 Kh8 65. Qxg8+ Kxg8 66. Kxg6 Kf8 67. Rxg7 Ke8 68. Kxh5) 63... Kh6 64. Rd6 Qh7 65. h4 Bh8 66. Qf5 (66. Qe8 $142 Qg7 67. Rd7 e4 68. Rxg7 Bxg7 69. fxe4 Bd4 70. e5 Kh7 71. Qe7+ Kh6 72. e6) 66... Qg7 67. Qg5+ (67. Qe6 $142 Qh7 68. Qc8 Qg7 69. Rd7 e4 70. Qc1+ Kh7 71. Rxg7+ Kxg7 72. fxe4) 67... Kh7 {[%emt 0:00:03] White is clearly winning.} 68. Re6 {[%emt 0:00:15] White threatens Re7 and mate.} Qg8 69. Re7+ Bg7 70. Qxe5 Kh8 71. Qe6 {[%emt 0:00:11] Weighted Error Value: White=0.16 (very precise) /Black=0.35} 1-0

[Event "US Masters 2022"]
[Site "Charlotte"]
[Date "2022.11.28"]
[Round "9.15"]
[White "Bodek, Michael"]
[Black "Nagy, Gabor"]
[Result "1/2-1/2"]
[ECO "B43"]
[WhiteElo "2427"]
[BlackElo "2482"]
[Annotator "TA"]
[PlyCount "43"]
[EventDate "2022.11.23"]
[EventType "swiss"]
[EventCountry "USA"]
[SourceTitle "playchess.com"]
[Source "ChessBase"]
[SourceQuality "1"]
[TimeControl "5400+30"]

1. e4 c5 2. Nf3 e6 3. Nc3 a6 4. g3 b5 5. d4 cxd4 6. Nxd4 Bb7 7. Bg2 Nf6 8. O-O b4 9. Na4 Bxe4 {[%emt 0:00:39] B43: Sicilian: Kan Variation: 5 Nc3.} 10. Bxe4 Nxe4 11. c4 bxc3 12. Re1 d5 13. Nxc3 {[%emt 0:02:17][%cal Od4e6] [#] Black must now prevent Nxe6! The position is equal.} Be7 {[%emt 0:01:48] is the legacy move (13...Nxc3).} 14. Nxe4 dxe4 15. Rxe4 Qd5 {[%emt 0:03:49] [#] An interesting draw.   Weighted Error Value: White=0.03 (flawless) /Black=0.08 (flawless)} {Predecessor:} 16. Re1 $146 Bf6 17. Qa4+ Qd7 18. Qxd7+ Nxd7 19. Be3 O-O 20. Rad1 Ne5 21. b3 Rfd8 22. Kg2 {½-½ (66) Everett,E (2230)-Schulte,F (2126) Erfurt 2019} 1/2-1/2

[Event "US Masters 2022"]
[Site "Charlotte"]
[Date "2022.11.28"]
[Round "9.16"]
[White "Mishra, Abhimanyu"]
[Black "Hilby, Craig"]
[Result "1-0"]
[ECO "E06"]
[WhiteElo "2549"]
[BlackElo "2411"]
[Annotator "TA"]
[PlyCount "107"]
[EventDate "2022.11.23"]
[EventType "swiss"]
[EventCountry "USA"]
[SourceTitle "playchess.com"]
[Source "ChessBase"]
[SourceQuality "1"]
[TimeControl "5400+30"]

1. d4 d5 2. c4 e6 3. Nf3 Nf6 4. g3 Bb4+ 5. Bd2 Be7 6. Bg2 O-O 7. O-O c6 8. Qc2 b6 9. Bf4 Bb7 10. Nbd2 c5 {[%emt 0:01:33] E06: Closed Catalan: Early deviations.} 11. Rfd1 (11. dxc5 {looks sharper.} bxc5 12. Ne5 Qc8 13. cxd5 Nxd5 14. Ndc4) 11... Nbd7 12. dxc5 bxc5 {[%emt 0:01:25] The position is equal.} 13. Ne5 Nxe5 (13... Nh5 $11) 14. Bxe5 $14 Qb6 15. cxd5 exd5 {[%emt 0:00:19] [#]} 16. b3 $146 ({Predecessor:} 16. Nb3 Ne4 17. Bxe4 dxe4 18. Qc3 f6 19. Bf4 Ba6 20. Qc2 f5 21. Be3 Rac8 22. Qd2 {1-0 (107) Phoobalan,P (2328)-Michelle,C (2084) Chennai 2013}) 16... Rfd8 17. Rac1 a5 18. Bxf6 (18. e3 {is interesting.} Ng4 19. Bb2 Qe6 20. Nf3) 18... Qxf6 19. e4 {[%emt 0:00:12] Inhibits a4.} a4 (19... d4 {is interesting.} 20. e5 Qa6 21. Bxb7 Qxb7 22. Qe4 Qd5) 20. exd5 Bxd5 21. Bxd5 (21. Ne4 {seems wilder.} Qe5 22. bxa4 Be6 23. Re1) 21... Rxd5 22. bxa4 (22. Ne4 $5 Rxd1+ 23. Rxd1 $14) 22... Qc6 23. Nc4 {[%emt 0:05:49] [#] Threatens to win with Rxd5.} Rxd1+ 24. Qxd1 Qxa4 25. Qxa4 Rxa4 $11 {[%emt 0:00:03][%mdl 4096] Endgame KRB-KRN} 26. a3 Bf6 27. Kf1 Kf8 28. Ke2 Ra7 29. Kd3 Ke7 30. Rb1 Ra4 31. g4 Bd4 32. Rb7+ Ke6 33. f4 g6 34. h4 Bf2 35. h5 Bg3 36. Rb6+ Ke7 37. f5 Bc7 38. Rc6 Kd7 39. Rxc5 gxh5 40. gxh5 Ra6 41. Rd5+ Ke7 42. Kd4 Kf6 43. Kc5 Bg3 {[%emt 0:00:04] [#] Loses the game.} ({Black should try} 43... Ra7 $14) 44. Kb5 $1 $18 Ra8 (44... Ra7 $142 45. a4 Kg5) 45. a4 {[%emt 0:00:25] Strongly threatening Nb6.} Be1 46. a5 {[%emt 0:00:39] Black must now prevent a6.} Bxa5 (46... Rb8+ 47. Nb6 Bxa5) 47. Nxa5 {[%emt 0:00:05] KRN-KR} Rg8 48. Nc4 {[%emt 0:00:55] aiming for Nd6.} Rg5 $2 (48... Re8 49. Nd6 Re7) 49. Nd6 {[%emt 0:00:05] Intending Ne4+ and mate.} Rxh5 50. Ne4+ {[%emt 0:00:39] White mates.} Kg7 51. f6+ Kg6 52. Rxh5 Kxh5 53. Kc6 Kg6 54. Kd7 {[%emt 0:00:06] Weighted Error Value: White=0.03 (flawless) /Black=0.37} 1-0

[Event "US Masters 2022"]
[Site "Charlotte"]
[Date "2022.11.28"]
[Round "9.17"]
[White "Plotkin, Mark"]
[Black "Druska, Juraj"]
[Result "1/2-1/2"]
[WhiteElo "2361"]
[BlackElo "2511"]
[Annotator "TA"]
[PlyCount "18"]
[EventDate "2022.11.23"]
[EventType "swiss"]
[EventCountry "USA"]
[SourceTitle "playchess.com"]
[Source "ChessBase"]
[SourceQuality "1"]
[TimeControl "5400+30"]

1. e4 c5 2. Nf3 Nc6 3. c3 d5 4. exd5 Qxd5 5. d4 Bf5 6. dxc5 {[%emt 0:01:19] B22: Sicilian: 2 c3.} Qxd1+ 7. Kxd1 Nf6 {[%emt 0:06:55] The position is equal.} 8. b4 {[%emt 0:05:38][%cal Bb2b4,Bb4b5][%mdl 32] [#]} a5 $146 (8... g6 $5 ) ({Predecessor:} 8... Ng4 9. Ke1 O-O-O 10. Be2 g6 11. h3 Nge5 12. Nxe5 Nxe5 13. Be3 Nd3+ 14. Kf1 Bg7 15. a3 {0-1 (28) Verheij,D (1850)-Van Delft,M (2380) Vlissingen 2022}) 9. b5 Nd8 $1 {[%emt 0:00:23] An even fight not without its subleties.   Weighted Error Value: White=0.18 (very precise) /Black=0.05 (flawless)} 1/2-1/2